 Dungeon Crawl Stone Soup version 0.15-b1-55-g17c0860 (webtiles) character file.

231 Nordron the Slasher (level 5, -11/47 HPs)
             Began as a Minotaur Chaos Knight on Aug 11, 2014.
             Was a Plaything of Xom.
             Mangled by Duvessa
             ... wielding a +2 cutlass of draining
              (13 damage)
             ... on Level 4 of the Dungeon.
             The game lasted 00:18:49 (2545 turns).

Nordron the Slasher (Minotaur Chaos Knight)         Turns: 2545, Time: 00:18:50

HP -11/47        AC  6     Str 18      XL: 5   Next: 73%
MP   2/2         EV 16     Int  9      God: Xom
Gold 231         SH  0     Dex  9      Spells:  0 memorised,  4 levels left

rFire  . . .     SeeInvis .     a - +1 falchion (chaos)
rCold  . . .     Clarity  .     b - +2 leather armour
rNeg   . . .     rCorr    .     (no shield)
rPois  .         rRot     .     (helmet restricted)
rElec  .         Spirit   .     (no cloak)
SustAb .         Warding  .     o - +0 pair of gloves
rMut   .         Stasis   .     (no boots)
Gourm  .                        (no amulet)
MR     .....                    (no ring)
                                j - +6 ring of evasion

@: heavily drained, not resistant to hostile enchantments, very unstealthy
A: retaliatory headbutt, horns 2
a: Renounce Religion


You were on level 4 of the Dungeon.
You worshipped Xom.
You were a beloved toy of Xom.
You were very hungry.

You visited 1 branch of the dungeon, and saw 4 of its levels.

You collected 231 gold pieces.

Inventory:

Hand weapons
 a - a +1 falchion of chaos (weapon)
Missiles
 v - 18 arrows of flame
Armour
 b - a +2 leather armour (worn)
 o - a +0 pair of gloves (worn)
Magical devices
 r - a wand of random effects (12) {unknown}
Comestibles
 c - a bread ration
 f - 3 meat rations
 q - a beef jerky
Scrolls
 d - a scroll of enchant weapon
 g - 2 scrolls of teleportation
 h - a scroll of magic mapping
 k - a scroll of fear {unknown}
 m - a scroll of remove curse {unknown}
 u - a scroll of noise {unknown}
 w - a scroll of identify {unknown}
 y - a scroll of amnesia {unknown}
Jewellery
 j - a +6 ring of evasion (left hand)
Potions
 e - a potion of cure mutation
 i - a potion of agility {unknown}
 l - a potion of lignification
 n - a potion of restore abilities {unknown}
 p - a potion of magic {unknown}
 s - a potion of berserk rage {unknown}
 t - a potion of curing
 x - a potion of flight {unknown}


   Skills:
 + Level 4.8(2.7) Fighting
 + Level 5.5(3.4) Long Blades
 + Level 3.6(1.6) Armour
 + Level 2.9(1.0) Dodging
 + Level 0.6(0.0) Stealth


You had 4 spell levels left.
You didn't know any spells.

Dungeon Overview and Level Annotations

Branches:
Dungeon (4/15)
 Temple: D:4-7

Altars:

Annotations:
D:4 Duvessa


Innate Abilities, Weirdness & Mutations

You reflexively headbutt those who attack you in melee.
You have a pair of horns on your head.


Message History

The hobgoblin is almost dead.
You are now a beloved toy of Xom.
The hobgoblin barely misses you. You furiously retaliate!
You headbutt the hobgoblin.
You kill the hobgoblin!
Something hits you but does no damage.
You feel drained.
You see here a club.
You miss something. Your headbutt misses something. Something hits you.
You feel drained. Something hits you.
You feel drained.
You miss something. Something hits you!
* * * LOW HITPOINT WARNING * * *
You feel drained.
You hit something. You freeze something. Your headbutt misses something.
Something hits you!
* * * LOW HITPOINT WARNING * * *
You feel drained.
* * * LOW HITPOINT WARNING * * *
Something hits you!
You die...
Xom is highly amused!

...###.###.##.#
........##.##.#
...###..##.##.###.# #
..................#.#
...###..###.#.#####.##..
...# #..# #.#...........
.........
#.#...).......#
......... #.#.##.##.## #
.####.. #.#.##@# ..#
#..##.#.##{###....##
...........).........
#..##.#.##(##.......
#..............
#...##....K....
#...##.####....
......... .> ##...##..


There were no monsters in sight!

Vanquished Creatures
  Dowan (D:4)
  An orc wizard (D:3)
  6 adders
  2 giant mites
  3 worms
  4 giant geckos (D:2)
  10 orcs
  10 goblins
  6 hobgoblins
  5 jackals (D:1)
  9 kobolds
  A quokka (D:3)
  11 bats
  A giant cockroach (D:2)
  A giant newt (D:2)
  12 rats
  A rat skeleton (D:4)
84 creatures vanquished.

Vanquished Creatures (others)
  A rat zombie (D:3)
1 creature vanquished.

Grand Total: 85 creatures vanquished

Notes
Turn   | Place    | Note
--------------------------------------------------------------
     0 | D:1      | Nordron, the Minotaur Chaos Knight, began the quest for the Orb.
     0 | D:1      | Reached XP level 1. HP: 19/19 MP: 1/1
   141 | D:1      | XOM: harmless Chrm miscast
   315 | D:1      | Reached XP level 2. HP: 20/27 MP: 1/1
   360 | D:1      | XOM: harmless Summ miscast
   429 | D:1      | Reached skill level 4 in Long Blades
   457 | D:1      | XOM: noise
   744 | D:1      | XOM: colour smoke trail
  1025 | D:2      | Reached XP level 3. HP: 33/33 MP: 2/2
  1265 | D:2      | Reached XP level 4. HP: 40/40 MP: 2/2
  1415 | D:2      | XOM: noise
  1551 | D:3      | Reached skill level 5 in Long Blades
  1715 | D:3      | XOM: silly message
  1832 | D:3      | Reached XP level 5. HP: 27/47 MP: 2/2
  2518 | D:4      | Noticed Duvessa
  2518 | D:4      | Noticed Dowan
  2540 | D:4      | Killed Dowan
  2545 | D:4      | HP: 2/47 [something (1)]
  2545 | D:4      | Mangled by Duvessa

Action                   |  1- 3 |  4- 6 || total
-------------------------+-------+-------++-------
Melee: Falchion          |    81 |   113 ||   194
  Use: Potion            |     2 |     1 ||     3
       Scroll            |     1 |     2 ||     3
 Stab: Paralysed         |       |     1 ||     1
  Eat: Chunk             |     1 |     3 ||     4
